Match 46536824
Unlisted

Match 46536824
End
Panzergrenadier Squad
Panzergrenadier Squad
Panzergrenadier Squad
Construct Light Support Kompanie
Fire Support Elements
Panzerjäger Squad
MG34 Team
2.5-tonne Medical Truck
Flakvierling Half-track
Pak 38 Anti-tank Gun Team
Vehicle Survival Package
Construct Panzerarmee Kommand
Panzergrenadier Squad
Panzer III L Medium Tank
Rapid Advance
Panzer III L Medium Tank
Walking Stuka Rocket Launcher
Pak 38 Mechanized Group
Sad Pepe
Ackermann
0
0

Comments sign in to comment!

No comments posted yet!